Frizzbo, neutral female gnomish Wizard -------- ------ |<|>...---....| |^|-......``..| |^||.```|.``..| |^||....|...%.| |^|------.----| |.| |..```.| |.------.I.``.| |.........```I| |..-----......| ---- -------- Frizzbo the Thaumaturge Experience level: 6 Strength: 11 Dexterity: 18 Constitution: 11 Intelligence: 19 Wisdom: 12 Charisma: 8 Health: 0(40) Energy: 55(55) Def: 3 Gold: 1013 Moves: 3925 Dungeon seed: OKd_8iRPLFPNF634 Game ID: Frizzbo_1466686607 Your Inventory: Coins $ - 1013 gold pieces Weapons p - 17 uncursed +0 darts (in quiver) Q - a blessed +0 dagger (weapon in hand) Armor e - an uncursed +0 cloak of magic resistance (being worn) z - an uncursed +0 orcish helm (being worn) N - an uncursed +0 small shield (being worn) Comestibles K - an uncursed lichen corpse R - an uncursed food ration T - an uncursed lembas wafer Scrolls a - an uncursed scroll of earth i - a blessed scroll of gold detection j - an uncursed scroll of light k - an uncursed scroll of create monster o - an uncursed scroll of amnesia t - a cursed scroll of blank paper A - an uncursed scroll of punishment F - 2 uncursed scrolls of identify H - 4 uncursed scrolls of blank paper J - an uncursed scroll of stinking cloud L - an uncursed scroll of enchant weapon Z - 2 blessed scrolls of blank paper Spellbooks l - a blessed spellbook of force bolt m - an uncursed spellbook of wizard lock s - an uncursed spellbook of magic missile u - an uncursed spellbook of protection Potions g - 2 uncursed potions of water r - an uncursed potion of invisibility D - a blessed potion of oil I - an uncursed potion of speed S - an uncursed potion of gain ability Rings c - an uncursed ring of fire resistance d - an uncursed ring of teleportation M - a cursed ring of slow digestion Y - a cursed ring of hunger Wands b - an uncursed wand of create monster (0:12) O - an uncursed wand of make invisible (0:5) P - an uncursed wand of teleportation (0:4) U - an uncursed wand of speed monster (0:5) W - an uncursed wand of striking (0:4) Tools f - an uncursed skeleton key n - an uncursed magic marker (0:36) Gems y - an uncursed worthless piece of yellow glass Spells and supernatural/magical abilities: Name Level Category Fail Memory a - force bolt 1 attack 12% 81% m - magic missile 2 attack 0% 93% p - protection 1 clerical 12% 93% w - wizard lock 2 matter 68% 81% W - pray for help -- divine ? -- Your skills at the end: Fighting Skills Weapon Skills dagger [Basic] quarterstaff [Basic] Spellcasting Skills attack spells [Basic] enchantment spells [Basic] Final Attributes: You were piously aligned. You were magic-protected. You were blinded. You had infravision. You were fast. You were unlucky. You are dead. Vanquished creatures: a small mimic a leprechaun 2 rock piercers a rock mole a fog cloud a shrieker a golden naga hatchling a guardian naga hatchling 2 elf zombies 2 paper golems a homunculus a rabid rat a giant bat 2 orc zombies a dwarf zombie a wererat 2 iguanas a hobbit 5 manes 3 giant rats 2 cave spiders a yellow mold a gnome zombie 2 geckos 3 kobolds 2 goblins 4 sewer rats 2 grid bugs a bat 8 lichens a kobold zombie 2 newts 60 creatures vanquished. Voluntary challenges: You used a wielded weapon 127 times, starting on turn 171. You read items or engraved 18 times, starting on turn 189. You never genocided any monsters. You never polymorphed an object. You never changed form. You used no wishes. You never split a pudding. You wrote Elbereth's name 2 times, starting on turn 3375. You never violated your personal moral code. Dungeon overview: The Dungeons of Doom: levels 1 to 7 Level 1 a sink a long staircase Level 2 an altar to Anhur, a fountain Level 3 a general store, a fountain, a sink Level 4 an armor shop, an altar to Anhur, a sink a long staircase Level 5 Level 6 many fountains Level 7 a fountain stairs to Sokoban Sokoban: Level 6 <- You were here stairs to The Dungeons of Doom History has recorded: On T:1 you entered the Dungeons of Doom to retrieve the Amulet of Yendor! On T:319 you advanced to experience level 2. On T:394 you reached level 2 of The Dungeons of Doom. On T:782 you reached level 3 of The Dungeons of Doom. On T:817 you advanced to experience level 3. On T:1354 you reached level 4 of The Dungeons of Doom. On T:1411 you advanced to experience level 4. On T:1975 you reached level 5 of The Dungeons of Doom. On T:2380 you advanced to experience level 5. On T:2588 you reached level 6 of The Dungeons of Doom. On T:3087 you reached level 7 of The Dungeons of Doom. On T:3547 you advanced to experience level 6. On T:3648 you reached level 4 of Sokoban. Score breakdown: Gold: 1013 (10225 points) Experience: 6 levels (12456 points) Exploration: 7 levels ( 14.29%) (10606 points) Discoveries: 7 items ( 2.44%) ( 4685 points) Valuables value: (no points given unless you survive) Artifact value: 0 ( 0 points) Variety of kills: 32 monsters ( 8.40%) ( 8694 points) Turncount: 3925 turns ( -997 points) Survival: died (score multiplied by 80%) Total score: 36535 Latest messages: The ceiling rumbles above you! You are hit by a boulder! Fortunately, you are wearing a hard helmet. With great effort you move the boulder. The boulder fills a pit. Taco misses the raven. (2x) You hit the raven. The raven bites! The raven blinds you! You hear some noises. It bites! You hit it. It bites! (2x) You miss it. It bites! (3x) You hit it. It bites! (2x) You hear some noises. You can see again. The raven bites! The raven blinds you! It bites! (2x) You hit it. You attack thin air. It bites! (3x) You die... Final status: Goodbye Frizzbo the Wizard, killed by a raven... You died in Sokoban on dungeon level 6 with 36535 points, and 1013 pieces of gold, after 3925 moves. You were level 6 with a maximum of 40 hit points when you died.